 Dungeon Crawl Stone Soup version 0.25.0-1-g7eea58d (webtiles) character file.

Game seed: 2262914563237186709

122 malesh the Skirmisher (level 5, 0/43 HPs)
             Began as a Barachi Fighter on June 15, 2020.
             Succumbed to an orc wizard's poison
             ... on level 2 of the Dungeon.
             The game lasted 00:04:44 (1686 turns).

malesh the Skirmisher (Barachi Fighter)             Turns: 1686, Time: 00:04:44

Health: 0/43       AC:  9    Str: 15 (17) XL:     5   Next: 6%
Magic:  5/5        EV:  9    Int:  8 (10) God:
Gold:   63         SH:  6    Dex:  9 (11) Spells: 4/4 levels left

rFire    . . .     SeeInvis .   a - +0 long sword
rCold    . . .     Gourm    .   k - +2 buckler
rNeg     . . .     Faith    .   b - +0 scale mail
rPois    .         Spirit   .   d - +0 helmet
rElec    .         Reflect  .   (no cloak)
rCorr    .         Harm     .   p - +0 pair of gloves
MR       .....                  (no boots)
Stlth    ..........             (no amulet)
HPRegen  0.14/turn              (no ring)
MPRegen  0.09/turn              (no ring)

@: lethally poisoned (0 -> -15), berserk cooldown, slowed, very slow
A: +LOS, swims, slowness 1, strong legs 1
a: Hop


You were on level 2 of the Dungeon.
You were hungry.

You visited 1 branch of the dungeon, and saw 3 of its levels.

You collected 63 gold pieces.

Inventory:

Hand Weapons
 a - a +0 long sword (weapon)
Armour
 b - a +0 scale mail (worn)
 c - a +0 kite shield
 d - a +0 helmet (worn)
 k - a +2 buckler (worn)
 p - a +0 pair of gloves (worn)
Scrolls
 e - a scroll of fear {unknown}
 i - a scroll of immolation {unknown}
 j - 6 scrolls of identify {unknown}
 l - a scroll of enchant weapon {unknown}
 o - 2 scrolls of noise {unknown}
Potions
 n - a potion of berserk rage
Comestibles
 f - 5 rations
 g - 2 chunks of flesh


   Skills:
 * Level 4.9 Fighting
 * Level 4.1 Long Blades
 + Level 4.2 Armour
 + Level 3.8 Shields


You had 4 spell levels left.
You didn't know any spells.
Your spell library was empty.

Dungeon Overview and Level Annotations

Branches:
Dungeon (3/15)

Altars:
Fedhas


Innate Abilities, Weirdness & Mutations

You can be seen from farther away. (+LOS)
You can swim through water.
You cover ground slowly.
You can hop short distances.


Message History

You feel as though you will be slow longer.
* * * LOW HITPOINT WARNING * * *
You feel very sick.
There is a stone staircase leading down here.
It was a potion of magic.
Magic courses through your body.
* * * LOW HITPOINT WARNING * * *
You feel very sick.
It was a potion of degeneration.
There was something very wrong with that liquid.
You feel weakened.
You feel dopey.
You feel clumsy.
* * * LOW HITPOINT WARNING * * *
You feel very sick.
Unknown command.
There is a lethal amount of poison in your body!
* * * LOW HITPOINT WARNING * * *
You feel sick.
Some of the chunks of flesh in your inventory have rotted away.
* * * LOW HITPOINT WARNING * * *
You feel sick.
You die...

####.###..##.##....# #.#
#......##.##.#### ##.
#<###..##.##.# ## #.#
#..##.##.# ♣♣♣♣ # #.#
#..##.##(#### ♣♣..♣ ##
#.###..##..)....# ♣._♣♣
##. #..........).####
♣♣..♣ #.. #####.#####[.#
♣..♣♣ #.# #.# #.@# ♣.♣♣
#.# #.# ##.†#### ♣.♣ #.#
#.# #......# ♣.♣ #.# #.#
#.###### ♣♣.♣ #.# #.#
#.## ♣.(♣♣ #.. #.# #..##
#...♣ #..
#.####.#.#######.######.#
#.......)............##.#
#.##.....###########.##.#


There were no monsters in sight!

Vanquished Creatures
  An orc wizard (D:2)
  Robin (D:2)
  An adder (D:2)
  An ooze (D:2)
  2 dart slugs (D:1)
  2 orcs (D:2)
  A ball python (D:2)
  16 goblins
  8 hobgoblins
  2 jackals (D:2)
  7 bats
  4 frilled lizards
  4 kobolds
  12 rats
62 creatures vanquished.

Notes
Turn   | Place    | Note
-------+----------+-------------------------------------------
     0 | D:1      | malesh the Barachi Fighter began the quest for the Orb.
     0 | D:1      | Reached XP level 1. HP: 18/18 MP: 1/1
   205 | D:1      | Reached XP level 2. HP: 25/25 MP: 2/2
   553 | D:1      | Reached XP level 3. HP: 29/30 MP: 3/3
   837 | D:2      | Noticed Robin
   859 | D:2      | Reached XP level 4. HP: 27/38 MP: 4/4
   866 | D:2      | Killed Robin
  1287 | D:2      | Found a blossoming altar of Fedhas.
  1679 | D:2      | Reached XP level 5. HP: 27/43 MP: 5/5
  1685 | D:2      | HP: 2/43 [poisoned by an orc wizard]
  1686 | D:2      | Succumbed to an orc wizard's poison

Illustrated notes

Levels and vault maps discovered:
D:1:      doesnt_arrival_eight_statues, layout_rooms,
          chequers_serial_rivers_micro_c
D:2:      layout_loops_ring, fedhas_altar_4, uniq_robin
D:3:      minmay_skewed_foursquare, layout_rooms, lemuel_coloured_pillars_altar,
          grunt_ministairs_4

Skill      XL: |  1  2  3  4 |
---------------+-------------+-----
Fighting       | 4 |  4.9
Long Blades    | 3 4 |  4.1
Armour         | 4 |  4.2
Shields        | |  3.8

Action                   |  1- 3 |  4- 6 || total
-------------------------+-------+-------++-------
Melee: Long sword        |   119 |    84 ||   203
  Use: Potion            |     1 |     3 ||     4
  Eat: Chunk             |       |     3 ||     3
Armor: Scale mail        |    51 |    48 ||    99
Dodge: Dodged            |    45 |    33 ||    78
Block: Kite shield       |    34 |       ||    34
       Buckler           |    23 |    26 ||    49
       Rpst.: Long sword |    15 |    10 ||    25
